 Dungeon Crawl Stone Soup version 0.30-a0-4-ga7cffc901d (webtiles) character file.

Game seed: 13224997525841765239

2039 HoaS the Skirmisher (level 9, -1/48 HPs)
             Began as a Gargoyle Hunter on Aug 21, 2022.
             Was a Priest of Makhleb.
             Blown up by Maggie (20 damage)
             ... with a mindburst bolt
             ... on level 6 of the Dungeon.
             The game lasted 00:13:48 (5556 turns).

HoaS the Skirmisher (Gargoyle Hunter)               Turns: 5556, Time: 00:13:48

Health: -1/48      AC: 15    Str: 14    XL:     9   Next: 24%
Magic:  9/9        EV: 11    Int: 11    God:    Makhleb [***...]
Gold:   403        SH:  0    Dex: 17    Spells: 8/8 levels left

rFire   . . .      SeeInvis .    a - +1 shortbow
rCold   + . .      Faith    .    (shield currently unavailable)
rNeg    + . .      Spirit   .    g - +2 leather armour {rC+}
rPois   ∞          Reflect  .    (no helmet)
rElec   +          Harm     .    u - +0 cloak
rCorr   .          Rampage  .    m - +2 pair of gloves
Will    .....                    (no boots)
Stlth   ++........               (no amulet)
HPRegen 0.16/turn                (no ring)
MPRegen 0.11/turn                (no ring)

@: hasted, very quick
A: sickness immunity, AC +6, negative energy resistance 1, electricity
resistance, torment resistance 1, petrification resistance
a: Renounce Religion, Minor Destruction, Lesser Servant of Makhleb


You were on level 6 of the Dungeon.
You worshipped Makhleb.
Makhleb was most pleased with you.
You visited 1 branch of the dungeon, and saw 6 of its levels.
You also visited: Sewer and Ossuary.

You collected 403 gold pieces.

Inventory:

Hand Weapons
 a - a +1 shortbow (weapon)
Armour
 g - a +2 leather armour of cold resistance (worn)
 m - a +2 pair of gloves (worn)
 u - a +0 cloak (worn)
Wands
 k - a wand of flame (14)
 o - a wand of paralysis (10)
Scrolls
 b - a scroll of immolation
 d - a scroll of teleportation
 i - 2 scrolls of blinking
 t - a scroll of butterflies
Potions
 e - a potion of attraction
 f - 2 potions of flight
 h - 2 potions of lignification {unknown}
 j - 2 potions of berserk rage
 l - 2 potions of mutation
 p - a potion of ambrosia {unknown}
 q - 3 potions of invisibility
 r - a potion of degeneration {unknown}


   Skills:
 - Level 2.1 Fighting
 + Level 12.4 Ranged Weapons
 - Level 1.5 Dodging
 - Level 1.1 Stealth


You had 8 spell levels left.
You didn't know any spells.
Your spell library contained the following spells:

 Spells                   Type           Power      Damage    Failure   Level
 Apportation              Tloc           0%         N/A       41%         1
 Necrotise                Necr           0%         1d4       41%         1
 Shock                    Conj/Air       0%         1d3       41%         1
 Summon Small Mammal      Summ           0%         N/A       41%         1
 Portal Projectile        Hex/Tloc       0%         N/A       80%         3
 Swiftness                Air            0%         N/A       80%         3
 Tukima's Dance           Hex            0%         N/A       80%         3
 Airstrike                Air            0%         2d(0-16)  99%         4
 Passage of Golubria      Tloc           0%         N/A       99%         4
 Petrify                  Tmut/Erth      0%         N/A       99%         4
 Blade Hands              Tmut           0%         N/A       100%        5
 Irradiate                Conj/Tmut      0%         3d11      100%        5
 Yara's Violent Unravell  Hex/Tmut       0%         3d3       100%        5
 Dispersal                Tloc           0%         N/A       100%        6
 Disjunction              Tloc           0%         N/A       100%        8
 Sublimation of Blood     Necr           Unusable   N/A       N/A         2

Dungeon Overview and Level Annotations

Branches:
Dungeon (6/15)             Temple (0/1) D:4           Sewer (visited)
Ossuary (visited)

Altars:
Fedhas
Makhleb

Annotations:
D:6 Maggie


Innate Abilities, Weirdness & Mutations

You are immune to sickness and miasma.
Your stone body is resilient. (AC +6)
You are immune to poison.
You resist negative energy. (rN+)
You are resistant to electric shocks. (rElec)
You are resistant to unholy torment.
You are immune to petrification.


Message History

The puff of flame hits you but does no damage.
A magic dart appears from out of thin air!
The magic dart hits something!
Reactivating autopickup.
You feel a bit more experienced.
As you read the scroll of teleportation, it crumbles to dust.
You feel strangely unstable. Something hits you.
Deactivating autopickup; reactivate with Ctrl-A.
Something hits you but does no damage.
Your surroundings suddenly seem different.
Found a spear.
As you open the door, it creaks loudly!
Found a scale mail.
Maggie the Vainglorious comes into view.
She is wielding a +2 broad axe of draining and carrying a wand of mindburst (17).
You shoot an arrow. The arrow hits Maggie.
Maggie is lightly wounded.
You shoot an arrow. The arrow barely misses Maggie.
You shoot an arrow. The arrow hits Maggie!
Maggie is moderately wounded.
Maggie zaps a wand.
You struggle to resist.
You shoot an arrow.
The arrow hits Maggie but does no damage.
Maggie is moderately wounded.
You shoot an arrow. The arrow barely misses Maggie.
Maggie zaps a wand.
You struggle to resist.
You shoot an arrow. The arrow hits Maggie.
Maggie is moderately wounded.
You shoot an arrow.
The arrow hits Maggie but does no damage.
Maggie is moderately wounded.
Maggie zaps a wand.
Your mind is blasted!
You shoot an arrow. The arrow hits Maggie!
Maggie is moderately wounded.
Maggie zaps a wand.
Your mind is blasted!
You are too injured to fight recklessly!
You are too injured to fight recklessly!
You are too injured to fight recklessly!
You feel yourself speed up.
Maggie zaps a wand.
Your mind is blasted!
You die...

.#*+##,,* #.....#+*****
.#,,,,,,* #.....#,,,,*
.#,,,,,,* #.....#,,,,*
.+,,,,,,* #.....+,,,,*
.##+###** ####.....#,,,,*
......# #.....######+**
......# #.....#,.....,*
......# #.....#......,*
......# #..).@'.@....,*
......# #.....#....[.,*
......#*####.....#..##..,*
...#####.....#####,.#*****
...#...+.....#,,,,,..,,,,*
...'...#.....+,,,,,,..,,,*
...#...#.....#,,,,,,...,,*
...#...#.†...#,,,,,,,,,,,*
...###'#.....#,,,,,,,,,,,*


You could see Maggie.

Vanquished Creatures
  Menkaure (D:6)
  2 black bears
  2 ice beasts
  3 ogres
  4 kobold brigands
  2 elf zombies (Ossuary)
  5 scorpions
  A howler monkey (D:3)
  3 hounds
  An iguana (D:6)
  2 orc wizards (D:5)
  3 mummies (Ossuary)
  4 gnolls (D:5)
  11 adders
  4 river rats
  3 adder zombies (Ossuary)
  2 worms
  7 dart slugs
  12 orcs
  10 endoplasms
  3 giant cockroaches
  8 goblins
  11 hobgoblins
  4 jackals (D:4)
  7 quokkas
  7 ball pythons
  10 bats
  2 frilled lizards (D:3)
  4 hobgoblin zombies (Ossuary)
  19 kobolds
  2 kobold zombies (Ossuary)
  An orc zombie (Ossuary)
  4 quokka zombies (Ossuary)
  13 rats
  2 rat zombies (Ossuary)
179 creatures vanquished.

Vanquished Creatures (others)
  An orc wizard (D:6)
1 creature vanquished.

Grand Total: 180 creatures vanquished

Notes
Turn   | Place    | Note
-------+----------+-------------------------------------------
     0 | D:1      | HoaS the Gargoyle Hunter began the quest for the Orb.
     0 | D:1      | Reached XP level 1. HP: 12/12 MP: 1/1
    60 | D:1      | Reached XP level 2. HP: 17/17 MP: 2/2
   454 | D:1      | Reached XP level 3. HP: 20/21 MP: 3/3
   569 | D:2      | Reached skill level 5 in Ranged Weapons
   769 | D:2      | Reached XP level 4. HP: 25/26 MP: 4/4
  1173 | D:3      | Found a burning altar of Makhleb.
  1180 | D:3      | Became a worshipper of Makhleb the Destroyer
  1241 | D:3      | Reached skill level 6 in Ranged Weapons
  1251 | D:3      | Noticed a black bear
  1405 | D:4      | Reached XP level 5. HP: 30/30 MP: 5/5
  1440 | D:4      | Noticed an ogre
  1579 | D:4      | Found a staircase to the Ecumenical Temple.
  1848 | D:4      | Reached * piety under Makhleb
  1855 | D:4      | Reached skill level 7 in Ranged Weapons
  1855 | D:4      | Reached XP level 6. HP: 35/35 MP: 6/6
  2009 | D:4      | Found a blossoming altar of Fedhas.
  2179 | D:3      | Killed a black bear
  2856 | D:4      | Reached skill level 8 in Ranged Weapons
  2856 | D:4      | Reached XP level 7. HP: 40/40 MP: 7/7
  2868 | D:5      | Entered Level 5 of the Dungeon
  3450 | D:5      | Identified the +4 dagger "Ligax" {freeze, rN+ Str+8}
  3563 | D:5      | Reached skill level 9 in Ranged Weapons
  3949 | D:5      | Reached XP level 8. HP: 44/44 MP: 8/8
  4000 | D:5      | Reached ** piety under Makhleb
  4151 | D:5      | Reached skill level 10 in Ranged Weapons
  4301 | D:6      | Found a sand-covered staircase.
  4308 | Ossuary  | Entered an ossuary
  4562 | D:6      | Found a glowing drain.
  4567 | D:6      | Reached skill level 11 in Ranged Weapons
  4578 | Sewer    | Entered a sewer
  4826 | Sewer    | Reached *** piety under Makhleb
  5224 | D:6      | Reached XP level 9. HP: 31/48 MP: 9/9
  5283 | D:6      | Noticed Menkaure
  5291 | D:6      | Killed Menkaure
  5292 | D:6      | Reached skill level 12 in Ranged Weapons
  5547 | D:6      | Noticed Maggie
  5556 | D:6      | Blown up by Maggie

Illustrated notes

Levels and vault maps discovered:
D:1:      spicycebolla_arrival_ecumenical, layout_rooms
D:2:      layout_basic, kennysheep_generic_room_12
D:3:      layout_rooms, bloody_makhleb, lemuel_flame_loot_1
D:4:      layout_loops_ring, fedhas_altar_fruit_tree,
          minmay_temple_entry_slanted
D:5:      layout_loops_cross
D:6:      layout_gridville, portal_sewer_entry_c, chequers_ossuary_entry_cave,
          uniq_menkaure, uniq_eustachio, uniq_maggie

Skill      XL: |  1  2  3  4  5  6  7  8  9 |
---------------+----------------------------+-----
Ranged Weapons | 5 6 7 8 9 11 12 | 12.4
Fighting       | |  2.1
Dodging        | |  1.5
Stealth        | |  1.1

Action                   |  1- 3 |  4- 6 |  7- 9 || total
-------------------------+-------+-------+-------++-------
 Fire: Shortbow          |    93 |   153 |   413 ||   659
  Use: Scroll            |    10 |     6 |     8 ||    24
       Potion            |       |     1 |     3 ||     4
Armor: Leather armour    |     6 |    47 |   106 ||   159
Dodge: Dodged            |    16 |    66 |    86 ||   168

Table legend: (Time is in decaauts)
 A = Elapsed time spent in this place.
 B = Non-inter-level travel time spent in this place.
 C = Inter-level travel time spent in this place.
 D = Time resting spent in this place.
 E = Time spent auto-exploring this place.
 F = Levels seen in this place.
 G = Mean time per level.
                   A        B        C        D        E       F      G
               +--------+--------+--------+--------+--------+-----+--------+
         Total |   5721 |   5598 |    123 |   1411 |   2915 |   8 |  715.1 |
       Dungeon |   4786 |   4663 |    123 |   1315 |   2352 |   6 |  797.7 |
         Sewer |    720 |    720 |      0 |     96 |    485 |   1 |  720.0 |
       Ossuary |    214 |    214 |      0 |      0 |     77 |   1 |  214.0 |
               +--------+--------+--------+--------+--------+-----+--------+

Top non-repeatable levels by time:
     D:5: 1414 daAuts
     D:4: 944 daAuts
     D:3: 813 daAuts
   Sewer: 720 daAuts
     D:2: 578 daAuts
     D:1: 571 daAuts
     D:6: 463 daAuts
 Ossuary: 214 daAuts
